AoeStats
← mengb65

Pilgrims

509766333Analyzed
4v4 RM · 4d ago on Sep 27, 2026· 49m 8s· 8 players
Game mode
Random Map
Map size
Large (8 player)
Population
200
Speed
Normal
Resources
Standard
Victory
Conquest
Starting age
Dark Age
Ending age
Imperial Age
RankedLock teamsTeams togetherTeam positionsShared explorationLock speedFull tech treeHidden civsTurbo modeCheats
Victory
Defeat
🇺🇸 Danes · United States
1025
+13
🇲🇽 Gurjaras · Mexico
1004
+14
🇨🇴 Goths · Colombia
984
+15
🇺🇸 Wu · United States
973
+16
🇪🇸 Bengalis · Spain
1003
-15
🇹🇼 Wu · Taiwan
971
-15
🇨🇦 Mongols · Canada
946
-14
🇵🇪 Danes · Peru
939
-14
Alaresun
7:07 Loom
15:11 Feudal Age
16:36 Horse Collar
16:39 Fishing Lines
16:48 Double-Bit Axe
16:56 Gold Mining
16:58 Stone Mining
20:19 Castle Age
20:34 Scale Mail Armor
20:46 Forging
20:27 Fletching
22:35 Bow Saw
22:27 Heavy Plow
22:30 Squires
22:17 Arson
22:51 Chain Mail Armor
23:23 Iron Casting
23:35 Wheelbarrow
26:37 Hand Cart
28:31 Gold Shaft Mining
33:39 Imperial Age
30:58 Town Watch
31:39 Ballistics
31:22 Bodkin Arrow
32:26 Stone Shaft Mining
33:11 Murder Holes
33:28 Masonry
33:54 Elite Jomsviking
35:38 Blast Furnace
35:19 Plate Mail Armor
35:13 Conscription
37:34 Hamask
39:54 Elite Varangian Guard
40:39 Bracer
40:40 Padded Archer Armor
41:42 Chemistry
40:48 Siege Engineers
41:57 Bloodlines
41:47 Husbandry
41:10 Cranequins
44:54 Caravan
47:59 Heavy Mounted Crossbowman
48:02 Elite Skirmisher
49:04 Leather Archer Armor
49:27 Thumb Ring
tommy bobbins
10:18 Feudal Age
10:30 Loom
14:05 Castle Age
12:41 Double-Bit Axe
13:12 Gold Mining
13:13 Stone Mining
13:36 Fishing Lines
16:14 Wheelbarrow
15:34 Gillnets
21:17 Horse Collar
21:54 Fletching
22:57 Heavy Plow
23:46 Ballistics
24:14 Bodkin Arrow
28:59 Imperial Age
28:21 Husbandry
28:32 Bloodlines
29:08 Padded Archer Armor
29:14 Scale Barding Armor
30:22 Red Cliffs Tactics
33:19 Chemistry
32:15 Murder Holes
33:15 Bracer
37:41 Conscription
38:42 Forging
41:13 Chain Barding Armor
42:00 Light Cavalry
43:02 Sitting Tiger
44:43 Elite Fire Archer
danny dillinger
14:40 Feudal Age
12:56 Loom
15:56 Horse Collar
17:10 Fishing Lines
22:34 Double-Bit Axe
23:57 Bloodlines
28:48 Castle Age
28:24 Forging
31:09 Fletching
31:55 Iron Casting
31:26 Scale Barding Armor
36:57 Arson
37:09 Town Watch
44:05 Light Cavalry
47:35 Gillnets
RudiKillerD
12:52 Feudal Age
13:44 Man-at-Arms
15:24 Double-Bit Axe
17:49 Horse Collar
22:24 Forging
25:49 Loom
27:38 Loom
33:12 Castle Age
34:10 Loom
34:47 Bow Saw
34:39 Heavy Plow
38:33 Town Watch
39:48 Wheelbarrow
45:53 Imperial Age
43:41 Hand Cart
45:20 Long Swordsman
46:01 Squires
45:56 Two-Handed Swordsman
46:41 Town Patrol
47:39 Iron Casting
47:06 Scale Mail Armor
46:35 Champion
48:04 Crop Rotation
48:36 Two-Man Saw
49:52 Blast Furnace
SHREDDER6000
5:39 Loom
16:38 Feudal Age
20:27 Castle Age
20:13 Stone Mining
20:59 Town Watch
22:31 Fletching
24:04 Double-Bit Axe
25:20 Gold Mining
29:48 Imperial Age
28:06 Stone Shaft Mining
28:29 Ballistics
28:08 Bodkin Arrow
28:09 Horse Collar
29:03 Padded Archer Armor
29:43 Bow Saw
29:40 Heavy Plow
30:51 Nomads
32:36 Bracer
32:52 Leather Archer Armor
33:39 Chemistry
32:35 Murder Holes
34:19 Elite Mangudai
43:18 Masonry
43:14 Siege Engineers
49:04 Wheelbarrow
49:36 Gold Shaft Mining
Elamb
10:04 Loom
12:52 Feudal Age
13:47 Double-Bit Axe
13:50 Town Watch
15:15 Gold Mining
15:59 Fishing Lines
16:41 Forging
16:24 Fletching
23:11 Castle Age
21:12 Stone Mining
24:40 Medium Warships
24:22 Gillnets
26:10 Iron Casting
25:41 Scale Barding Armor
25:53 Bloodlines
25:43 Husbandry
28:25 Ballistics
28:46 Murder Holes
29:27 Masonry
29:55 Bodkin Arrow
Departure
12:28 Feudal Age
13:08 Double-Bit Axe
18:16 Wheelbarrow
17:41 Fletching
17:51 Padded Archer Armor
23:19 Castle Age
mengb65
9:17 Loom
13:21 Feudal Age
14:20 Double-Bit Axe
15:06 Town Watch
18:01 Castle Age
19:22 Wheelbarrow
23:00 Forging
23:08 Horse Collar
25:45 Gold Mining
25:46 Stone Mining
27:54 Scale Mail Armor
28:55 Squires
29:21 Heavy Plow
31:08 Gold Shaft Mining
35:11 Imperial Age
33:29 Hand Cart
33:35 Pikeman
35:55 Iron Casting
36:15 Chain Mail Armor
36:10 Fishing Lines
39:15 Blast Furnace
38:45 Plate Mail Armor
49:19 Caravan
49:31 Guilds
Connection lost

Rejoining the realm…

Still unreachable

The connection could not be restored.

Session expired

The server has moved on; the page needs a fresh start.